NCAA
BOSTON COLLEGE EAGLES @ CALIFORNIA GOLDEN BEARS
06/05/2023
 
TOP OF THE 1ST
Boston College Eagles batting - Pitching for California Golden Bears : LHP Dave Blackwell
Pitching: LHP Dave Blackwell
Batting: RHB Lorenzo Mota 0-0: Ground out 5-3 (Groundball, 56)
Batting: RHB David Davidson 0-0: Ball
1-0: Ball
2-0: Foul Ball, location: 2F
2-1: Ground out 4-3 (Groundball, 4)
Batting: RHB Manny Ramírez 0-0: Ball
1-0: Ground out 6-3 (Groundball, 6)
Top of the 1st over - 0 run(s), 0 hit(s), 0 error(s), 0 left on base; Boston College 0 - California 0
BOTTOM OF THE 1ST
California Golden Bears batting - Pitching for Boston College Eagles : RHP Don Shelton
Pitching: RHP Don Shelton
Batting: RHB Albert Alemán 0-0: Ball
1-0: Called Strike
1-1: Fly out, F7 (Line Drive, 7D)
Batting: RHB Júlio López 0-0: Ball
1-0: Ball
2-0: Ball
3-0: Base on Balls
Batting: RHB Stanley Robbins 0-0: SINGLE (Line Drive, 56D)
Júlio López to second
Batting: LHB António Costa 0-0: Called Strike
0-1: Foul Ball, location: 2F
0-2: Ball
1-2: Foul Ball, location: 2F
1-2: Foul Ball, location: 2F
1-2: Strikes out swinging
Batting: SHB Chris Woods 0-0: Foul Ball, location: 2F
0-1: Called Strike
0-2: Ball
1-2: Ball
2-2: Foul Ball, location: 2F
2-2: SINGLE (Groundball, 4M)
Júlio López to third
Stanley Robbins to second
Runner from 3rd tries for Home, SAFE, no throw or cutoff
Batting: RHB Dave Smith 0-0: Called Strike
0-1: Called Strike
0-2: Foul Ball, location: 2F
0-2: Foul Ball, location: 2F
0-2: Ball
1-2: Ball
2-2: Fielders Choice at 2nd, U6 (Groundball, 6M)
Bottom of the 1st over - 1 run(s), 2 hit(s), 0 error(s), 2 left on base; Boston College 0 - California 1
TOP OF THE 2ND
Boston College Eagles batting - Pitching for California Golden Bears : LHP Dave Blackwell
Batting: LHB Dave Cook 0-0: Called Strike
0-1: Ball
1-1: Ball
2-1: Ball
3-1: Foul Ball, location: 2F
3-2: Foul Ball, location: 2F
3-2: Strikes out swinging
Batting: RHB Vernon Sterling 0-0: Foul Ball, location: 2F
0-1: Ball
1-1: Swinging Strike
1-2: Foul Ball, location: 2F
1-2: Foul Ball, location: 2F
1-2: Fly out, F8 (Popup, 4MD)
Batting: RHB Bobby Porter 0-0: Swinging Strike
0-1: Swinging Strike
0-2: Ball
1-2: Strikes out swinging
Top of the 2nd over - 0 run(s), 0 hit(s), 0 error(s), 0 left on base; Boston College 0 - California 1
BOTTOM OF THE 2ND
California Golden Bears batting - Pitching for Boston College Eagles : RHP Don Shelton
Batting: RHB Richard Stroud 0-0: Called Strike
0-1: Ball
1-1: SINGLE (Groundball, 4M)
Batting: LHB Noah Gillespie 0-0: Called Strike
0-1: Foul Ball, location: 2F
0-2: Strikes out swinging
Batting: RHB John Mason 0-0: Called Strike
0-1: Ball
1-1: Foul Ball, location: 2F
1-2: Strikes out looking
Batting: RHB Albert Alemán 0-0: Ball
1-0: Called Strike
1-1: Ball
2-1: Called Strike
2-2: Foul Ball, location: 2F
2-2: Ball
3-2: Base on Balls
Richard Stroud to second
Batting: RHB Júlio López 0-0: Ball
1-0: Called Strike
1-1: Swinging Strike
1-2: Ball
2-2: Ball
3-2: Base on Balls
Richard Stroud to third
Albert Alemán to second
Batting: RHB Stanley Robbins 0-0: Ball
1-0: Foul Ball, location: 2F
1-1: Foul Ball, location: 2F
1-2: Strikes out swinging
Bottom of the 2nd over - 0 run(s), 1 hit(s), 0 error(s), 3 left on base; Boston College 0 - California 1
TOP OF THE 3RD
Boston College Eagles batting - Pitching for California Golden Bears : LHP Dave Blackwell
Batting: RHB Kane Cooper 0-0: Foul Ball, location: 2F
0-1: Called Strike
0-2: Ball
1-2: Fly out, F9 (Flyball, 9S)
Batting: RHB Bob Reid 0-0: Ball
1-0: Foul Ball, location: 2F
1-1: Swinging Strike
1-2: Foul Ball, location: 2F
1-2: Ball
2-2: Ground out 1-3 (Groundball, 13S)
Batting: RHB Pepe Chávez 0-0: Swinging Strike
0-1: Foul Ball, location: 2F
0-2: Ball
1-2: Strikes out swinging
Top of the 3rd over - 0 run(s), 0 hit(s), 0 error(s), 0 left on base; Boston College 0 - California 1
BOTTOM OF THE 3RD
California Golden Bears batting - Pitching for Boston College Eagles : RHP Don Shelton
Batting: LHB António Costa 0-0: Ball
1-0: Ball
2-0: Ball
3-0: Base on Balls
Batting: SHB Chris Woods 0-0: Called Strike
0-1: Called Strike
0-2: Ball
1-2: Foul Ball, location: 2F
1-2: Ball
2-2: Fly out, F6 (Popup, 5)
Batting: RHB Dave Smith 0-0: Foul Ball, location: 2F
0-1: Foul Ball, location: 2F
0-2: Foul Ball, location: 2F
0-2: Foul Ball, location: 2F
0-2: Ball
1-2: Ball
2-2: Foul Ball, location: 2F
2-2: Fly out, F7 (Flyball, 78M)
Pitching: LHP Lou Gill
Batting: RHB Richard Stroud 0-0: Called Strike
0-1: Ball
1-1: Ball
2-1: Ball
3-1: Swinging Strike
3-2: Strikes out swinging
Bottom of the 3rd over - 0 run(s), 0 hit(s), 0 error(s), 1 left on base; Boston College 0 - California 1
TOP OF THE 4TH
Boston College Eagles batting - Pitching for California Golden Bears : LHP Dave Blackwell
Batting: RHB Lorenzo Mota 0-0: Foul Ball, location: 2F
0-1: Ground out 5-3 (Groundball, 5)
Batting: RHB David Davidson 0-0: Swinging Strike
0-1: Ball
1-1: Ball
2-1: Foul Ball, location: 2F
2-2: Strikes out swinging
Batting: RHB Manny Ramírez 0-0: Ball
1-0: Ground out 2-3 (Groundball, 2L)
Top of the 4th over - 0 run(s), 0 hit(s), 0 error(s), 0 left on base; Boston College 0 - California 1
BOTTOM OF THE 4TH
California Golden Bears batting - Pitching for Boston College Eagles : LHP Lou Gill
Batting: LHB Noah Gillespie 0-0: Foul Ball, location: 2F
0-1: Foul Ball, location: 2F
0-2: Strikes out swinging
Batting: RHB John Mason 0-0: Ground out 6-3 (Groundball, 6)
Batting: RHB Albert Alemán 0-0: Ball
1-0: Fly out, F4 (Popup, 3D)
Bottom of the 4th over - 0 run(s), 0 hit(s), 0 error(s), 0 left on base; Boston College 0 - California 1
TOP OF THE 5TH
Boston College Eagles batting - Pitching for California Golden Bears : LHP Dave Blackwell
Batting: LHB Dave Cook 0-0: Foul Ball, location: 2F
0-1: Ball
1-1: Foul Ball, location: 2F
1-2: Ball
2-2: Ball
3-2: Strikes out swinging
Batting: RHB Vernon Sterling 0-0: Ball
1-0: Foul Ball, location: 2F
1-1: Fly out, F8 (Flyball, 8RXD)
Batting: RHB Bobby Porter 0-0: Swinging Strike
0-1: Called Strike
0-2: SINGLE (Line Drive, 56)
Batting: RHB Kane Cooper 0-0: Foul Ball, location: 2F
0-1: SINGLE (Groundball, 6) (infield hit)
Bobby Porter to second
Batting: RHB Bob Reid 0-0: Called Strike
0-1: Foul Ball, location: 2F
0-2: Ball
1-2: Fielders Choice at 2nd, 5-4 (Groundball, 5)
Top of the 5th over - 0 run(s), 2 hit(s), 0 error(s), 1 left on base; Boston College 0 - California 1
BOTTOM OF THE 5TH
California Golden Bears batting - Pitching for Boston College Eagles : LHP Lou Gill
Batting: RHB Júlio López 0-0: Ball
1-0: Ball
2-0: Swinging Strike
2-1: Ball
3-1: SINGLE (Line Drive, 56D)
Batting: RHB Stanley Robbins 0-0: Ball
1-0: SINGLE (Groundball, 56D) (infield hit)
Júlio López to second
Batting: LHB António Costa 0-0: Foul Ball, location: 2F
0-1: Ball
1-1: Ball
2-1: Swinging Strike
2-2: Foul Ball, location: 2F
2-2: Ball
3-2: Fly out, F8 (Line Drive, 8RM)
Batting: SHB Chris Woods 0-0: Swinging Strike
0-1: Ball
1-1: Ball
2-1: Foul Ball, location: 2F
2-2: Ball
3-2: Base on Balls
Júlio López to third
Stanley Robbins to second
Pitching: LHP Armando Munguís
Batting: RHB Dave Smith 0-0: Hit by Pitch
Júlio López scores
Stanley Robbins to third
Chris Woods to second
Batting: RHB Richard Stroud 0-0: Called Strike
0-1: Ball
1-1: Foul Ball, location: 2F
1-2: Hit by Pitch
Stanley Robbins scores
Chris Woods to third
Dave Smith to second
Batting: LHB Noah Gillespie 0-0: Called Strike
0-1: Ball
1-1: Called Strike
1-2: Ball
2-2: Ball
3-2: Base on Balls
Chris Woods scores
Dave Smith to third
Richard Stroud to second
Batting: RHB John Mason 0-0: Fly out, F7 (Line Drive, 78S)
Batting: RHB Albert Alemán 0-0: Foul Ball, location: 2F
0-1: Foul Ball, location: 2F
0-2: Fly out, F9 (Flyball, 9M)
Bottom of the 5th over - 3 run(s), 2 hit(s), 0 error(s), 3 left on base; Boston College 0 - California 4
TOP OF THE 6TH
Boston College Eagles batting - Pitching for California Golden Bears : LHP Dave Blackwell
Batting: RHB Pepe Chávez 0-0: Fly out, F8 (Flyball, 8RM)
Batting: RHB Lorenzo Mota 0-0: Ball
1-0: Foul Ball, location: 2F
1-1: Called Strike
1-2: Foul Ball, location: 2F
1-2: Strikes out looking
Batting: RHB David Davidson 0-0: Ball
1-0: Ball
2-0: Ball
3-0: Base on Balls
Pitching: RHP Wilson Yoxall
Batting: RHB Manny Ramírez 0-0: Called Strike
0-1: Foul Ball, location: 2F
0-2: Ball
1-2: Ball
2-2: Ball
3-2: Strikes out swinging
Top of the 6th over - 0 run(s), 0 hit(s), 0 error(s), 1 left on base; Boston College 0 - California 4
BOTTOM OF THE 6TH
California Golden Bears batting - Pitching for Boston College Eagles : LHP Armando Munguís
Batting: RHB Júlio López 0-0: Ball
1-0: Called Strike
1-1: Ball
2-1: Ball
3-1: Called Strike
3-2: Ground out 5-3 (Groundball, 5S)
Batting: RHB Stanley Robbins 0-0: Ground out 4-3 (Groundball, 4M)
Batting: LHB António Costa 0-0: Swinging Strike
0-1: Ground out 1-3 (Groundball, 23)
Bottom of the 6th over - 0 run(s), 0 hit(s), 0 error(s), 0 left on base; Boston College 0 - California 4
TOP OF THE 7TH
Boston College Eagles batting - Pitching for California Golden Bears : RHP Wilson Yoxall
Batting: LHB Dave Cook 0-0: Foul Ball, location: 2F
0-1: Called Strike
0-2: Strikes out swinging
Batting: RHB Vernon Sterling 0-0: Called Strike
0-1: Ball
1-1: Foul Ball, location: 2F
1-2: Strikes out looking
Batting: RHB Bobby Porter 0-0: Called Strike
0-1: Ball
1-1: Ball
2-1: Ball
3-1: Base on Balls
Batting: RHB Kane Cooper 0-0: Ball
1-0: SINGLE (Groundball, 56D)
Bobby Porter to second
Batting: RHB Bob Reid 0-0: Ball
1-0: Ball
2-0: Ball
3-0: Called Strike
3-1: Foul Ball, location: 2F
3-2: Foul Ball, location: 2F
3-2: Strikes out swinging
Top of the 7th over - 0 run(s), 1 hit(s), 0 error(s), 2 left on base; Boston College 0 - California 4
BOTTOM OF THE 7TH
California Golden Bears batting - Pitching for Boston College Eagles : LHP Armando Munguís
Batting: SHB Chris Woods 0-0: Ball
1-0: Ball
2-0: Ground out 3-1 (Groundball, 34)
Pitching: RHP Ron McDonald
Batting: RHB Dave Smith 0-0: Ball
1-0: Ball
2-0: Called Strike
2-1: Swinging Strike
2-2: Ball
3-2: Base on Balls
Batting: RHB Richard Stroud 0-0: Ball
1-0: Ball
2-0: Fielders Choice at 2nd, 2-6 (Groundball, 2R)
Batting: LHB Noah Gillespie 0-0: Ball
1-0: Ball
2-0: Ball
3-0: Called Strike
3-1: Base on Balls
Richard Stroud to second
Batting: RHB John Mason 0-0: Called Strike
0-1: SINGLE (Line Drive, 34D)
Richard Stroud to third
Noah Gillespie to second
Runner from 3rd tries for Home, SAFE, no throw or cutoff
Batting: RHB Albert Alemán 0-0: Ball
1-0: Ball
2-0: Ball
3-0: Called Strike
3-1: Base on Balls
Noah Gillespie to third
John Mason to second
Batting: RHB Júlio López 0-0: Ball
1-0: Ground out 5-3 (Groundball, 5S)
Bottom of the 7th over - 1 run(s), 1 hit(s), 0 error(s), 3 left on base; Boston College 0 - California 5
TOP OF THE 8TH
Boston College Eagles batting - Pitching for California Golden Bears : RHP Wilson Yoxall
Now at SS: Pat Bray
Batting: RHB Pepe Chávez 0-0: Called Strike
0-1: Ball
1-1: Foul Ball, location: 2F
1-2: Strikes out swinging
Batting: RHB Lorenzo Mota 0-0: Called Strike
0-1: Foul Ball, location: 2F
0-2: Fly out, F9 (Flyball, 89M)
Batting: RHB David Davidson 0-0: Ball
1-0: Ball
2-0: Ball
3-0: Called Strike
3-1: Called Strike
3-2: Strikes out looking
Top of the 8th over - 0 run(s), 0 hit(s), 0 error(s), 0 left on base; Boston College 0 - California 5
BOTTOM OF THE 8TH
California Golden Bears batting - Pitching for Boston College Eagles : RHP Ron McDonald
Batting: RHB Stanley Robbins 0-0: Foul Ball, location: 2F
0-1: Ball
1-1: Ball
2-1: Called Strike
2-2: Ball
3-2: Foul Ball, location: 2F
3-2: Base on Balls
Batting: LHB António Costa 0-0: Ball
1-0: Ball
2-0: Ball
3-0: Called Strike
3-1: Foul Ball, location: 2F
3-2: Fly out, F8 (Line Drive, 8RM)
Batting: SHB Chris Woods 0-0: Ball
1-0: Called Strike
1-1: Ball
2-1: Swinging Strike
2-2: Strikes out looking
Batting: RHB Dave Smith 0-0: Called Strike
0-1: Ball
1-1: Ball
2-1: Fielders Choice at 2nd, U6 (Groundball, 6M)
Bottom of the 8th over - 0 run(s), 0 hit(s), 0 error(s), 1 left on base; Boston College 0 - California 5
TOP OF THE 9TH
Boston College Eagles batting - Pitching for California Golden Bears : RHP Wilson Yoxall
Pitching: RHP Tomás Marte
Now in LF: Jeff West
Batting: RHB Manny Ramírez 0-0: Ball
1-0: Ball
2-0: Ball
3-0: Called Strike
3-1: Fly out, F6 (Popup, 6MS)
Batting: LHB Dave Cook 0-0: Ball
1-0: Ground out 2-3 (Groundball, 2L)
Batting: RHB Vernon Sterling 0-0: Ball
1-0: Ball
2-0: Foul Ball, location: 2F
2-1: Fly out, F3 (Popup, 9LSF)
Top of the 9th over - 0 run(s), 0 hit(s), 0 error(s), 0 left on base; Boston College 0 - California 5
This league is powered by Out of the Park Baseball, the baseball management simulation game for PC, Mac and Linux
Wednesday, December 2nd, 2015 - OOTP Baseball 16.8 Build 38